 Dungeon Crawl Stone Soup version 0.31-a0-664-g902f515a81 (webtiles) character file.

Game seed: 11477634742195561553

55009 randomguy2701 the Severer (level 14, -6/129 HPs)
             Began as a Hill Orc Fighter on Sept 1, 2023.
             Was the Champion of Beogh.
             Blown up by an orb spider (37 damage)
             ... with an orb of destruction
             ... on level 1 of the Spider Nest on Sept 2, 2023.
             The game lasted 00:51:12 (19325 turns).

randomguy2701 the Severer (Hill Orc Fighter)       Turns: 19325, Time: 00:51:15

Health: -6/129     AC: 18    Str: 28    XL:     14   Next: 75%
Magic:  20/20      EV:  9    Int:  8    God:    Beogh [******]
Gold:   1268       SH: 14    Dex: 23    Spells: 13/13 levels left

rFire   + . .        p - +8 hand axe of Inquiry {heavy, rElec rF+ Dex+3}
rCold   . . .        n - +0 kite shield
rNeg    . . .        N - +0 plate armour
rPois   .            (no helmet)
rElec   +            (no cloak)
rCorr   .            (no gloves)
SInv    .            U - +0 pair of boots
Will    +....        G - amulet of Xacied {Regen+ Str+2} Stlth
                     m - +6 ring of strength
HPRegen 1.21/turn    J - +6 ring of dexterity
MPRegen 0.17/turn

%: no passive effects
@: on berserk cooldown, slowed, very slow
A: walk on water
a: Renounce Religion, Smiting, Recall Orcish Followers, Give Item to Named
Follower, Resurrection


You were on level 1 of the Spider Nest.
You worshipped Beogh.
Beogh was exalted by your worship.
You visited 4 branches of the dungeon, and saw 19 of its levels.

You collected 1751 gold pieces.
You spent 483 gold pieces at shops.

Inventory:

Hand Weapons
 a - a +0 war axe
 p - the +8 hand axe of Inquiry (weapon) {heavy, rElec rF+ Dex+3}
   (You found it on level 3 of the Dungeon)

   Dex+3:     It affects your dexterity (+3).
   rF+:       It protects you from fire.
   rElec:     It insulates you from electricity.
 X - the +0 scimitar of Turmoil {heavy, rPois Will+ Str+3}
   (You found it on level 4 of the Lair of Beasts)

   Str+3:     It affects your strength (+3).
   rPois:     It protects you from poison Will+: It increases your willpower.
Armour
 b - a +0 scale mail
 c - a +0 buckler
 n - a +0 kite shield (worn)
 N - a +0 plate armour (worn)
 U - a +0 pair of boots (worn)
Jewellery
 m - a +6 ring of strength (left hand)
 G - the amulet of Xacied (around neck) {Regen+ Str+2}
   (You bought it in a shop on level 8 of the Dungeon)

   [amulet of regeneration]

   Str+2:     It affects your strength (+2).
   Regen+:    It increases your rate of health regeneration.
 J - a +6 ring of dexterity (right hand)
 L - a ring of wizardry
 S - an amulet of faith
 T - a ring of flight
 Y - the amulet of Zedamump {Spirit rPois MP+9 Slay-6 Stlth+}
   (You found it on level 5 of the Lair of Beasts)

   [amulet of guardian spirit]

   Spirit:    It causes incoming damage to be divided between your reserves of
   health and magic.
   Slay-6:    It affects your accuracy & damage with ranged weapons and melee
   (-6).
   rPois:     It protects you from poison MP+9: It affects your magic capacity
   (+9).
   Stlth+:    It makes you more stealthy.
Wands
 r - a wand of quicksilver (37)
 u - a wand of polymorph (9)
 v - a wand of paralysis (28)
 E - a wand of roots (8)
 M - a wand of flame (21)
 Z - a wand of digging (6)
Scrolls
 d - 7 scrolls of teleportation {unknown}
 j - 4 scrolls of identify
 k - 5 scrolls of blinking {unknown}
 o - 2 scrolls of fog {unknown}
 q - 2 scrolls of butterflies {unknown}
 t - 2 scrolls of vulnerability {unknown}
 y - 2 scrolls of torment {unknown}
 z - 3 scrolls of noise {unknown}
 A - 2 scrolls of fear {unknown}
 C - 3 scrolls of enchant armour {unknown}
 D - a scroll of brand weapon {unknown}
 I - a scroll of immolation {unknown}
 Q - 2 scrolls of revelation {unknown}
 R - a scroll of enchant weapon {unknown}
 V - a scroll of silence {unknown}
 W - a scroll of acquirement {unknown}
Potions
 e - a potion of attraction {unknown}
 f - 3 potions of heal wounds
 g - 2 potions of curing
 h - 4 potions of cancellation
 l - 2 potions of magic {unknown}
 s - a potion of brilliance
 w - 3 potions of enlightenment
 x - a potion of resistance {unknown}
 B - a potion of might
 F - 3 potions of ambrosia
 H - 2 potions of degeneration
 K - 3 potions of mutation {unknown}
 O - 3 potions of lignification {unknown}
 P - a potion of haste {unknown}


   Skills:
 + Level 13.1 Fighting
 + Level 16.5 Axes
 + Level 15.1 Armour
 + Level 1.7 Dodging
 + Level 2.3 Stealth
 + Level 13.6 Shields
 + Level 8.1 Invocations
 + Level 1.4 Evocations


You had 13 spell levels left.
You didn't know any spells.
Your spell library contained the following spells:

 Spells                   Type           Power      Damage    Failure   Level
 Foxfire                  Conj/Fire      0%         2x1d4     98%         1
 Necrotise                Necr           0%         1d4       98%         1
 Cigotuvi's Dreadful Rot  Necr/Pois/Air  0%         N/A       99%         2
 Scorch                   Fire           0%         2d5       99%         2
 Ignite Poison            Fire/Tmut/Pois 0%         N/A       100%        3
 Ozocubu's Armour         Ice            0%         N/A       100%        3
 Portal Projectile        Hex/Tloc       0%         N/A       100%        3
 Summon Guardian Golem    Hex/Summ       0%         N/A       100%        3
 Tukima's Dance           Hex            0%         N/A       100%        3
 Vampiric Draining        Necr           0%         2d6       100%        3
 Flame Wave               Conj/Fire      0%         2d4       100%        4
 Iskenderun's Mystic Bla  Conj/Tloc      0%         2d3       100%        4
 Vhi's Electric Charge    Tloc/Air       0%         N/A       100%        4
 Agony                    Necr           0%         N/A       100%        5
 Arcjolt                  Conj/Air       0%         1d10      100%        5
 Freezing Cloud           Conj/Ice/Air   0%         6-21      100%        5
 Metabolic Englaciation   Hex/Ice        0%         N/A       100%        5
 Plasma Beam              Fire/Air       0%         2x1d10    100%        6
 Simulacrum               Ice/Necr       0%         N/A       100%        6
 Starburst                Conj/Fire      0%         6d3       100%        6
 Summon Cactus Giant      Summ           0%         N/A       100%        6
 Orb of Destruction       Conj           0%         9d5       100%        7
 Ozocubu's Refrigeration  Ice            0%         4d7       100%        7
 Spellforged Servitor     Conj/Summ      0%         N/A       100%        7


Dungeon Overview and Level Annotations

Branches:
Dungeon (11/15)            Temple (0/1) D:6            Lair (5/5) D:11
  Swamp (0/4) Lair:3       Spider (1/4) Lair:3        Slime (0/5) Lair:5
    Orc (2/2) D:11            Elf (0/3) Orc:2

Altars:
Gozag
Makhleb
Sif Muna
Wu Jian
Beogh
Jiyva

Shops:
D:1 !   D:6 ?   D:8 =   Orc:2 *:!:

Annotations:
D:8 6 transporters
D:11 3 runed translucent doors, cforsyth's ghost, journeyman DjCA


Message History

You hit the orb spider.
The orb spider is severely wounded.
You feel very sick.
The culicivora chitters at the orb spider.
The orb spider is healed somewhat.
Your orc knight roars a battlecry!
Olfrun shoots an arrow.
The arrow barely misses the orb spider.
A jorogumo comes into view.
The culicivora chitters at the orb spider.
The orb spider is healed somewhat.
You feel very sick.
Gorg no longer looks unusually strong.
Your orc knight no longer looks unusually strong.
Your orc warrior no longer looks unusually strong.
Your orc knight no longer looks unusually strong.
Gorg wields a +0 orcbow.
Gorg shoots an arrow.
The arrow hits the orb spider!!
The orb spider begins to weave its threads into a brightly glowing ball.
You swap places.
You feel sick.
Your orc warrior no longer looks unusually strong.
The culicivora chitters at the orb spider.
The orb spider is healed somewhat.
Gorg roars a battlecry!
Your orcs go into a battle-frenzy!
The orb spider weaves a glowing orb of energy.
Olfrun shoots an arrow.
The arrow barely misses the orb spider.
An orb of destruction comes into view.
You swap places.
You feel sick.
Your orc warrior throws a boomerang.
The boomerang misses the orb spider.
Your orc knight hits the culicivora with a +3 heavy long sword!!!
The culicivora dies!
Beogh accepts your kill.
Olfrun shoots an arrow.
The arrow hits the orb spider!!
The orb spider dies!
Beogh accepts your kill.
You hear a skittering sound.
Things that are here:
a +0 dagger; a +0 robe You feel better.
The orb of destruction hits you!!!
You die... # ### #.# ... ..## #### .#.. ...# #..#### .^. ooo# ##o..o.##..# . o#o# #####.#.oo#o#..#.... ooo#

#..)ooooooooo.....[# oo##
##...o####@.#.......
oo#####.....# #☼o###.....
oo)#.#..o...## #o○........
#.o.#...o....# #.°oo..(.#
##oo##..†).#..##.o°....#..
#oooo#####^...###...#.##
#ooo..# #.....####H...#
#.o...# ###... .#....
..[...# #.. .......


You could see a jorogumo (ally target), 2 friendly orc knights, the friendly
Blodwig the orc knight (strong), the friendly Gorg the orc knight, the friendly
Olfrun the orc knight (strong), a friendly orc sorcerer (strong), 9 friendly orc
warriors, 2 friendly orc priests, the friendly Beowulf the orc priest and a
friendly orc (strong).

Vanquished Creatures
  An entropy weaver (Spider:1)
  2 hydras
  A boulder beetle (Lair:5)
  Erica (D:10)
  3 two-headed ogres
  2 orc high priests (Orc:2)
  Urug (D:11)
  Amaemon (D:11)
  4 orc knights (Orc:2)
  The ghost of arthad the Shield-Bearer, a novice FoFi (D:5)
  5 orc sorcerers
  3 wolf spiders
  2 elephants (Lair:5)
  4 black mambas
  A guardian serpent (Lair:5)
  An orange demon (D:11)
  Joseph (D:9)
  3 torpor snails
  5 cane toads
  An unseen horror (D:11)
  4 komodo dragons
  5 trolls
  13 blink frogs
  A tarantella (Spider:1)
  2 dream sheep (Lair:5)
  5 wyverns
  3 fire bats (Lair:5)
  3 wraiths (D:11)
  29 yaks
  6 vampire mosquitoes
  A steam dragon (D:6)
  2 redbacks (Lair:5)
  An acid dragon (D:9)
  A warg (Orc:2)
  8 water moccasins
  13 orc warriors
  Duvessa (D:6)
  A hornet zombie (D:5)
  3 black bears
  A sky beast (D:6)
  11 ogres
  3 phantoms
  12 wolves
  4 centaurs
  4 kobold brigands
  8 bullfrogs
  Blork the orc (D:4)
  6 scorpions
  A wight (D:10)
  Dowan (D:6)
  7 killer bees
  A vampire bat (Lair:2)
  2 howler monkeys
  2 jellies
  5 orc priests
  2 bullfrog skeletons (D:5)
  3 hounds
  Ijyb (D:3)
  A sleepcap (D:6)
  Jessica (D:3)
  Terence (D:3)
  14 orc wizards
  3 iguanas
  3 hell rats (Lair:5)
  A howler monkey zombie (D:5)
  8 adders
  4 gnolls
  3 white imps
  5 worms
  3 dart slugs
  24 orcs
  2 ball pythons
  14 endoplasms
  4 giant cockroaches
  A hobgoblin (D:1)
  2 quokkas
  13 bats
  A frilled lizard (D:2)
  4 goblins
  30 kobolds
  3 rats (D:2)
365 creatures vanquished.

Vanquished Creatures (collateral kills)
  An emperor scorpion (Spider:1)
  An orc warlord (Orc:2)
  Josephine (D:11)
  2 hydras
  2 two-headed ogres (Orc:2)
  3 death yaks
  2 orc high priests (Orc:2)
  An orb spider (Spider:1)
  A steelbarb worm (Spider:1)
  An orc knight (Orc:1)
  An orc sorcerer (Orc:2)
  An elephant (Lair:5)
  5 black mambas
  Maurice (Orc:2)
  4 cane toads (Lair:5)
  An unseen horror (D:11)
  2 komodo dragons
  2 trolls (Orc:2)
  2 hornets (Lair:5)
  16 blink frogs
  2 dream sheep (Lair:5)
  A jumping spider (Spider:1)
  2 culicivoras (Spider:1)
  27 yaks
  5 wyverns (Lair:5)
  A fire elemental (Lair:5)
  4 redbacks
  2 basilisks (Lair:1)
  15 water moccasins
  6 orc warriors
  2 black bears
  4 ogres (Orc:2)
  14 wolves
  A kobold brigand (D:9)
  3 bullfrogs
  4 orc priests (Orc:2)
  An orc wizard (Orc:2)
  A hell rat (Lair:5)
  16 orcs
  A kobold (D:9)
162 creatures vanquished.

Vanquished Creatures (others)
  2 orc sorcerers (Spider:1)
  An orc knight (Orc:2)
  4 orc warriors
  37 orcs
  10 orc priests
  4 orc wizards
58 creatures vanquished.

Grand Total: 585 creatures vanquished

Notes
Turn   | Place    | Note
-------+----------+-------------------------------------------
     0 | D:1      | randomguy2701 the Hill Orc Fighter began the quest for the
                  | Orb.
     0 | D:1      | Reached XP level 1. HP: 19/19 MP: 1/1
   128 | D:1      | Reached XP level 2. HP: 27/27 MP: 2/2
   469 | D:1      | Found Geadya's Distillery.
   651 | D:2      | Reached skill level 3 in Axes
   651 | D:2      | Reached XP level 3. HP: 33/33 MP: 3/3
   957 | D:2      | Found a shimmering blue altar of Sif Muna.
   981 | D:2      | Reached XP level 4. HP: 34/40 MP: 4/4
  1044 | D:2      | Reached skill level 4 in Axes
  1430 | D:3      | Identified the +8 hand axe of Inquiry {heavy, rElec rF+
                  | Dex+3}
  1499 | D:3      | Became a worshipper of Beogh the Brigand
  1566 | D:3      | Noticed Jessica
  1570 | D:3      | Killed Jessica
  1619 | D:3      | Noticed Terence
  1625 | D:3      | Killed Terence
  1626 | D:3      | Reached XP level 5. HP: 39/47 MP: 5/5
  1699 | D:3      | Noticed Ijyb
  1704 | D:3      | Killed Ijyb
  1705 | D:3      | Reached skill level 5 in Axes
  2132 | D:4      | Noticed Blork the orc
  2143 | D:4      | Killed Blork the orc
  2144 | D:4      | Reached XP level 6. HP: 4/53 MP: 6/6
  2400 | D:4      | Reached skill level 6 in Axes
  2494 | D:4      | Reached * piety under Beogh
  2704 | D:4      | Noticed a black bear
  2710 | D:4      | Killed a black bear
  2711 | D:4      | Reached skill level 5 in Armour
  2711 | D:4      | Reached XP level 7. HP: 48/60 MP: 7/7
  3148 | D:4      | Reached skill level 5 in Fighting
  3385 | D:5      | Entered Level 5 of the Dungeon
  3395 | D:5      | Reached skill level 7 in Axes
  3432 | D:5      | Reached skill level 5 in Shields
  3710 | D:5      | Found a transporter.
  3771 | D:5      | Found a transporter.
  3777 | D:5      | Noticed arthad's ghost (novice FoFi)
  3812 | D:5      | Noticed a yak
  3813 | D:5      | Noticed a yak
  3813 | D:5      | Noticed a yak
  3816 | D:5      | Reached XP level 8. HP: 64/68 MP: 8/8
  3979 | D:5      | Found a burning altar of Makhleb.
  4160 | D:6      | Reached skill level 8 in Axes
  4206 | D:6      | Noticed Duvessa
  4206 | D:6      | Noticed Dowan
  4211 | D:6      | Killed Dowan
  4216 | D:6      | Killed Duvessa
  4540 | D:6      | Found a staircase to the Ecumenical Temple.
  4558 | D:6      | Reached skill level 9 in Axes
  4673 | D:6      | Found Loveuri's Magic Scroll Emporium.
  4689 | D:6      | Reached ** piety under Beogh
  4716 | D:6      | Bought a scroll of identify for 30 gold pieces
  4760 | D:6      | Reached XP level 9. HP: 68/77 MP: 9/9
  4802 | D:6      | Reached skill level 10 in Axes
  5482 | D:7      | You fall into a shaft and drop 1 floor!
  5516 | D:8      | Found Zosaokk's Jewellery Boutique.
  5521 | D:8      | Bought the amulet of Xacied {Regen+ Str+2} for 453 gold
                  | pieces
  5564 | D:8      | Found a transporter.
  5565 | D:8      | Found a transporter.
  5688 | D:8      | Found a transporter.
  5689 | D:8      | Found a transporter.
  5776 | D:8      | Reached skill level 11 in Axes
  5926 | D:8      | Found a transporter.
  5929 | D:8      | Found a transporter.
  5950 | D:8      | Reached XP level 10. HP: 81/86 MP: 10/10
  6193 | D:5      | Reached skill level 12 in Axes
  6290 | D:5      | Reached *** piety under Beogh
  6303 | D:5      | Killed arthad's ghost
  6543 | D:9      | Reached skill level 1 in Invocations
  6701 | D:9      | Noticed Joseph
  6709 | D:9      | Killed Joseph
  6710 | D:9      | Reached skill level 13 in Axes
  7228 | D:10     | Entered Level 10 of the Dungeon
  7358 | D:10     | Noticed a two-headed ogre
  7364 | D:10     | Killed a two-headed ogre
  7365 | D:10     | Reached XP level 11. HP: 68/95 MP: 13/13
  7408 | D:10     | Found a large runed translucent door.
  7409 | D:10     | Found a large runed translucent door.
  7429 | D:10     | Found an opulent altar of Gozag.
  7435 | D:10     | Found an ornate altar of the Wu Jian Council.
  8027 | D:10     | Noticed a two-headed ogre
  8038 | D:10     | Killed a two-headed ogre
  8281 | D:10     | Noticed Erica
  8293 | D:10     | Paralysed by Erica for 2 turns
  8298 | D:10     | Killed Erica
  8299 | D:10     | Reached skill level 14 in Axes
  8299 | D:10     | Reached skill level 5 in Invocations
  8630 | D:11     | Noticed Urug
  8636 | D:11     | Killed Urug
  8676 | D:11     | Noticed Amaemon
  8690 | D:11     | Killed Amaemon
  8690 | D:11     | Reached **** piety under Beogh
  9469 | D:11     | Found a runed translucent gate.
  9469 | D:11     | Found a runed translucent gate.
  9469 | D:11     | Found a runed translucent gate.
  9470 | D:11     | Found an opulent altar of Gozag.
  9471 | D:11     | Noticed a cyclops
  9471 | D:11     | Noticed cforsyth's ghost (journeyman DjCA)
  9704 | D:11     | Found a staircase to the Orcish Mines.
  9704 | D:11     | Found a staircase to the Lair.
  9752 | D:11     | Reached skill level 10 in Armour
  9874 | Lair:1   | Entered Level 1 of the Lair of Beasts
 10396 | Lair:1   | Reached XP level 12. HP: 106/106 MP: 17/17
 10543 | Lair:1   | Noticed a death yak
 10552 | Lair:1   | Killed a death yak
 10553 | Lair:1   | Reached skill level 10 in Fighting
 10882 | Lair:1   | Noticed an eight-headed hydra
 10888 | Lair:1   | Killed a ten-headed hydra
 11388 | Lair:2   | Gained Bogmar as an ally
 11391 | Lair:2   | Reached skill level 10 in Shields
 11539 | Lair:2   | Reached ***** piety under Beogh
 11548 | Lair:2   | Gained Gorg as an ally
 11650 | Lair:2   | Gained Marbork as an ally
 12200 | Lair:3   | Reached skill level 15 in Axes
 12230 | Lair:3   | Reached skill level 1 in Evocations
 12307 | Lair:3   | Found a hole to the Spider Nest.
 12360 | Lair:3   | Noticed a five-headed hydra
 12367 | Lair:3   | Killed an eight-headed hydra
 12423 | Lair:3   | Found a staircase to the Swamp.
 12438 | Lair:3   | Noticed a death yak
 12440 | Lair:3   | Noticed a death yak
 12445 | Lair:3   | Killed a death yak
 12445 | Lair:3   | Noticed a four-headed hydra
 12446 | Lair:3   | Reached XP level 13. HP: 116/116 MP: 18/18
 13444 | Lair:4   | Identified the +0 scimitar of Turmoil {heavy, rPois Will+
                  | Str+3}
 13788 | Lair:5   | Entered Level 5 of the Lair of Beasts
 13916 | Lair:5   | Found a dark tunnel.
 14051 | Lair:5   | Upgraded the game from 0.31-a0-662-g684573625c to
                  | 0.31-a0-664-g902f515a81
 14200 | D:11     | Noticed Josephine
 14209 | D:11     | Killed Josephine
 14543 | Orc:1    | Entered Level 1 of the Orcish Mines
 14681 | Orc:1    | Found a roughly hewn altar of Beogh.
 14684 | Orc:1    | Found a burning altar of Makhleb.
 15556 | Orc:2    | Entered Level 2 of the Orcish Mines
 15804 | Orc:2    | Noticed Maurice
 15823 | Orc:2    | Killed Maurice
 15900 | Orc:2    | Found a roughly hewn altar of Beogh.
 15900 | Orc:2    | Noticed an orc warlord
 15906 | Orc:2    | Killed an orc warlord
 15908 | Orc:2    | Gained Blodwig as an ally
 15938 | Orc:2    | Found Cuaxkiko's Book Boutique.
 15942 | Orc:2    | Reached ****** piety under Beogh
 15995 | Orc:2    | Found Jenucwes's Distillery.
 16621 | Orc:2    | Reached skill level 1 in Dodging
 16655 | Orc:2    | Reached XP level 14. HP: 127/127 MP: 19/19
 16767 | Orc:2    | Found a roughly hewn altar of Beogh.
 16820 | Orc:2    | Reached skill level 16 in Axes
 16820 | Orc:2    | Reached skill level 1 in Stealth
 16829 | Orc:2    | HP: 6/127 [orc knight/+2 great mace of holy wrath (36)]
 16948 | Orc:2    | Found Kilifuuz's Assorted Antiques.
 16963 | Orc:2    | Found Reschig's Book Shop.
 17220 | Orc:2    | Found a staircase to the Elven Halls.
 18100 | Lair:5   | Identified the amulet of Zedamump {Spirit rPois MP+9 Slay-6
                  | Stlth+}
 18191 | Lair:5   | Found a viscous altar of Jiyva.
 18191 | Lair:5   | Found a staircase to the Slime Pits.
 18205 | Lair:5   | Gained Olfik as an ally
 18220 | Lair:5   | Gained Olfrun as an ally
 18584 | Lair:5   | Reached skill level 15 in Armour
 19191 | Spider:1 | Entered Level 1 of the Spider Nest
 19242 | Spider:1 | Your ally Bogmar died
 19296 | Spider:1 | Noticed an emperor scorpion
 19309 | Spider:1 | Gained Beowulf as an ally
 19312 | Spider:1 | Your ally Marbork died
 19316 | Spider:1 | Killed an emperor scorpion
 19325 | Spider:1 | Blown up by an orb spider

Illustrated notes

Levels and vault maps discovered:
D:1:      lemuel_arrival_cross, layout_rooms, serial_shops, shop,
          serial_aquarium, aquarium_bridge_long_joined [aquarium_subvault_wall,
          aquarium_subvault_bridge, aquarium_subvault_bridge,
          aquarium_subvault_wall, aquarium_subvault_bridge,
          aquarium_subvault_wall], aquarium_bridge_square
          [aquarium_subvault_window, aquarium_subvault_wall,
          aquarium_subvault_bridge, aquarium_subvault_window],
          aquarium_window_corner, aquarium_window_3, aquarium_window_2,
          aquarium_view_2e, minmay_misc_feat_enclosed
D:2:      layout_rooms, basic_altar, chequers_serial_rivers_micro_c
D:3:      layout_loops_corners, uniq_ijyb, uniq_jessica, uniq_terence
D:4:      cheibrodos_fertilizer, layout_basic, uniq_blork_the_orc
D:5:      layout_basic, mainiacjoe_overflow_alcove_2, gammafunk_ghost_mausoleum
D:6:      layout_gridville, minmay_temple_entry_tees, serial_shops,
          nicolae_square_shop, minmay_fractal_squares_diagonal_5, uniq_duvessa
D:7:      layout_layer_cave, minmay_manual_monstrance
D:8:      layout_basic, serial_shops, shop, serial_nicolae_subway,
          nicolae_sub_station_metal, nicolae_sub_station_crystal,
          nicolae_sub_station_stone
D:9:      layout_roguey, minmay_misc_feat_rugged, dk_rats_in_the_wall,
          uniq_joseph
D:10:     layout_roguey, jmf_multi_god_temple2, uniq_erica
D:11:     layout_basic, lair_entry_dummy, orc_0_dummy, ebering_ghost_gozag,
          uniq_amaemon, uniq_josephine, uniq_urug
Lair:1:   layout_cave_pods, grunt_megastairs_2, lemuel_fruit_tree,
          infiniplex_staircase_pool_2, serial_bayou_shore_b
Lair:2:   layout_gridlike, roderic_batcave
Lair:3:   layout_hall_layers, swamp_mist, spider_nest_entry_web_field,
          grunt_megastairs_1, infiniplex_staircase_pool
Lair:4:   layout_cave_shapes, serial_bayou_pond_d
Lair:5:   hangedman_lair_tendril_chambers, layout_gridlike, slime_entry_1,
          nicolae_volcano_entry_two_sided
Spider:1: layout_spider_delve, portal_ice_cave_entry_ugly_swarm
Orc:1:    layout_diamond_mine, basic_altar, bloody_makhleb
Orc:2:    pubby_orc_utopia, serial_shops, uniq_maurice

Skill      XL: |  1  2  3  4  5  6  7  8  9 10 11 12 13 14 |
---------------+-------------------------------------------+-----
Axes           | 3 4 5 6 7 9 11 13 14 15 16 | 16.5
Fighting       | 4 5 6 7 8 9 11 12 13 | 13.1
Shields        | 4 5 6 7 8 9 10 12 13 | 13.6
Armour         | 4 5 7 8 9 10 12 14 15 | 15.1
Invocations    | 3 6 7 8 |  8.1
Evocations     | 1 |  1.4
Dodging        | 1 |  1.7
Stealth        | 2 |  2.3

Action                     |  1- 3 |  4- 6 |  7- 9 | 10-12 | 13-15 || total
---------------------------+-------+-------+-------+-------+-------++-------
  Melee: War axe           |    97 |    27 |       |       |       ||   124
         Hand axe          |       |    61 |   158 |   294 |   361 ||   874
 Invoke: Convert to Beogh  |       |     1 |       |       |       ||     1
         Recall Orcish Fol |       |       |       |       |     6 ||     6
  Evoke: Wand              |       |       |       |     5 |       ||     5
    Use: Potion            |       |     1 |       |     2 |     6 ||     9
         Scroll            |       |       |     6 |       |     2 ||     8
   Stab: Paralysed         |       |       |       |     2 |    11 ||    13
         Distracted        |       |       |       |     4 |     9 ||    13
         Confused          |       |       |       |       |     1 ||     1
 Armour: Scale mail        |    71 |    70 |    99 |    80 |       ||   320
         Plate armour      |       |       |       |   157 |   233 ||   390
  Dodge: Dodged            |    41 |    44 |    44 |    86 |    69 ||   284
  Block: Buckler           |    17 |     5 |       |       |       ||    22
         Kite shield       |       |    44 |    83 |   220 |   223 ||   570

Table legend: (Time is in decaauts)
 A = Elapsed time spent in this place.
 B = Non-inter-level travel time spent in this place.
 C = Inter-level travel time spent in this place.
 D = Time resting spent in this place.
 E = Time spent auto-exploring this place.
 F = Levels seen in this place.
 G = Mean time per level.
                   A        B        C        D        E       F      G
               +--------+--------+--------+--------+--------+-----+--------+
         Total |  19496 |  17752 |   1744 |   3640 |  10866 |  19 | 1026.1 |
       Dungeon |  10493 |   9690 |    803 |   1504 |   6508 |  11 |  953.9 |
          Lair |   5713 |   4927 |    786 |    853 |   3083 |   5 | 1142.6 |
   Spider Nest |    133 |    133 |      0 |     26 |     29 |   1 |  133.0 |
  Orcish Mines |   3155 |   3001 |    154 |   1257 |   1246 |   2 | 1577.5 |
               +--------+--------+--------+--------+--------+-----+--------+

Top non-repeatable levels by time:
   Orc:2: 2111 daAuts
    D:10: 1865 daAuts
  Lair:1: 1566 daAuts
     D:6: 1400 daAuts
  Lair:5: 1340 daAuts
     D:4: 1314 daAuts
  Lair:3: 1302 daAuts
    D:11: 1247 daAuts
   Orc:1: 1044 daAuts
     D:5: 919 daAuts
     D:3: 837 daAuts
  Lair:2: 825 daAuts
     D:9: 783 daAuts
     D:2: 712 daAuts
     D:8: 682 daAuts
